 Dungeon Crawl Stone Soup version 0.29.1-12-g30fa7ad0bf (webtiles) character file.

Game seed: 14483642876719578596

737 javelincjr the Chopper (level 7, -1/52 HPs)
             Began as a Demonspawn Gladiator on Jan 9, 2023.
             Was an Initiate of Dithmenos.
             Slain by a yak (9 damage)
             ... on level 4 of the Dungeon.
             The game lasted 00:17:05 (4360 turns).

javelincjr the Chopper (Demonspawn Gladiator)       Turns: 4360, Time: 00:17:06

Health: -1/52      AC:  9    Str: 11    XL:     7   Next: 46%
Magic:  7/7        EV:  7    Int:  9    God:    Dithmenos [......]
Gold:   233        SH: 14    Dex: 16    Spells: 6/6 levels left

rFire   + . .      SeeInvis .   F - +9 whip of Weggul {vorpal, Will+}
rCold   + + .      Faith    .   D - +2 tower shield
rNeg    . . .      Spirit   .   s - +1 ring mail "Mukaogh" {rC++ Will+++ Str-4 Stlth+}
rPois   .          Reflect  .   c - +0 helmet
rElec   .          Harm     .   A - +0 cloak
rCorr   +          Rampage  .   (no gloves)
Will    +++++                   t - +0 pair of boots
Stlth   ++........              (no amulet)
HPRegen 0.17/turn               j - ring of resist corrosion
MPRegen 0.10/turn               q - ring of willpower

@: no status effects
A: molten scales 1, foul stench 1, powered by pain 2, deformed body, fire
resistance 1, strong-willed 1, devolution 1
a: Renounce Religion


You were on level 4 of the Dungeon.
You worshipped Dithmenos.
Dithmenos was noncommittal.
You visited 1 branch of the dungeon, and saw 4 of its levels.

You collected 233 gold pieces.

Inventory:

Hand Weapons
 a - a +0 war axe of venom
 m - a +1 dagger of draining
 o - a +3 dagger
 x - a +2 sling of freezing
 y - a +3 quarterstaff of chaos
 F - the +9 whip of Weggul (weapon) {vorpal, Will+}
   (You found it on level 4 of the Dungeon)

   It inflicts extra damage upon your enemies.
   Will:      It increases your willpower.
Missiles
 d - a throwing net (quivered)
 e - a javelin
 g - 22 stones
 n - 5 poisoned darts
Armour
 b - a +0 leather armour
 c - a +0 helmet (worn)
 h - a +0 chain mail
 s - the +1 ring mail "Mukaogh" (worn) {rC++ Will+++ Str-4 Stlth+}
   (You found it on level 2 of the Dungeon)

   Str:       It affects your strength (-4).
   rC:        It greatly protects you from cold.
   Will:      It greatly increases your willpower.
   Stlth:     It makes you more stealthy.
 t - a +0 pair of boots (worn)
 v - a +0 plate armour
 A - a +0 cloak (worn)
 D - a +2 tower shield (worn)
Jewellery
 i - a ring of magical power
 j - a ring of resist corrosion (left hand)
 q - a ring of willpower (right hand)
Scrolls
 f - a scroll of fear
 k - 2 scrolls of identify
 l - 3 scrolls of vulnerability
 p - a scroll of silence
 C - a scroll of enchant armour {unknown}
 E - a scroll of magic mapping {unknown}
Potions
 r - a potion of curing
 u - a potion of lignification {unknown}
 w - a potion of flight {unknown}
 z - a potion of resistance {unknown}
 B - a potion of haste {unknown}


   Skills:
 + Level 3.5 Fighting
 + Level 1.7 Short Blades
 + Level 4.6 Axes
 + Level 0.6(3.2) Maces & Flails
 + Level 1.7(1.8) Staves
 + Level 0.8 Ranged Weapons
 + Level 1.8 Throwing
 + Level 2.9 Armour
 + Level 3.5 Dodging
 + Level 1.9 Stealth
 + Level 1.7 Shields


You had 6 spell levels left.
You didn't know any spells.
Your spell library was empty.

Dungeon Overview and Level Annotations

Branches:
Dungeon (4/15)
 Temple: D:4-7

Altars:
Dithmenos
Hepliaklqana
Ru


Innate Abilities, Weirdness & Mutations

You are partially covered in molten scales. (AC +2)
You may rarely emit foul miasma when damaged in melee.
You sometimes gain power by taking damage.
Armour fits poorly on your strangely shaped body.
Your flesh is heat resistant. (rF+)
You are strong-willed. (Will+)
You have hidden genetic defects.


Message History

The yak bellows!
The yak bellows!
You whack the yak!
The yak is moderately wounded.
You block the yak's attack.
You hit the yak.
The yak is heavily wounded.
The yak gores you! The yak closely misses you. The yak gores you!
The yak gores you.
You hit the yak.
The yak is heavily wounded.
The yak gores you.
You barely miss the yak.
The yak is heavily wounded.
The yak gores you but does no damage. The yak attacks as you move away!
You block the yak's attack. The yak attacks as you move away!
The yak gores you. The yak attacks as you move away!
You block the yak's attack. The yak attacks as you move away!
You block the yak's attack. The yak attacks as you move away!
You block the yak's attack.
There is an open door here.
The yak attacks as you move away! You block the yak's attack.
The yak attacks as you move away! You block the yak's attack.
You whack the yak!
The yak is severely wounded.
You block the yak's attack.
You whack the yak!
The yak is moderately wounded.
You block the yak's attack. The yak gores you! The yak gores you!
* * * LOW HITPOINT WARNING * * *
You emit a cloud of foul miasma!
You closely miss the yak.
The yak is severely wounded.
You block the yak's attack.
The yak is engulfed in dark miasma.
The yak is poisoned.
The yak seems to slow down.
The yak gores you.
* * * LOW HITPOINT WARNING * * *
The yak barely misses you.
The yak is engulfed in dark miasma.
The yak looks even sicker.
The yak gores you!
You die...

#####..###..###...########.#...##
#.###..###..###...###...##.#.8.##
........................#..#...#.
.......^...............#####...##
.......................#.........
.......................#._..)#.§.
#..##..###..####..######..§§§..§§
#..#######'######Y###..#####§§§##
................@Y.........#§§§#.
...........<...............#§§§#.
.....#..)..................#§§§#.
...##......................#§§§#.
..#.#..##+##'########+##..##§§§##
##.#...##.##..##..###<##..##§§§##
.##................#......#[§.§§#
#.#..............<.#.............
.#.................#.............


You could see 2 yaks.

Vanquished Creatures
  2 yaks (D:3)
  Blork the orc (D:4)
  2 scorpions (D:4)
  A hound (D:4)
  Crazy Yiuf (D:3)
  An orc priest (D:3)
  A jelly (D:4)
  An orc wizard (D:3)
  6 adders
  An ufetubus (D:4)
  A worm (D:2)
  2 dart slugs
  4 orcs
  8 endoplasms
  4 goblins
  7 hobgoblins
  9 quokkas
  3 ball pythons
  6 bats
  3 frilled lizards
  5 kobolds
  5 rats
74 creatures vanquished.

Notes
Turn   | Place    | Note
-------+----------+-------------------------------------------
     0 | D:1      | javelincjr the Demonspawn Gladiator began the quest for the
                  | Orb.
     0 | D:1      | Reached XP level 1. HP: 16/16 MP: 1/1
   108 | D:1      | Reached skill level 3 in Axes
   382 | D:1      | Gained mutation: You sometimes gain a little power by
                  | taking damage. [demonic ancestry]
   382 | D:1      | Reached XP level 2. HP: 21/22 MP: 2/2
   932 | D:2      | Found a sacrificial altar of Ru.
  1175 | D:2      | Identified the +1 ring mail "Mukaogh" {rC++ Will+++ Str-4
                  | Stlth+}
  1248 | D:2      | Gained mutation: You may rarely emit foul miasma when
                  | damaged in melee. [demonic ancestry]
  1248 | D:2      | Reached XP level 3. HP: 16/24 MP: 3/3
  1568 | D:2      | Reached skill level 1 in Armour
  1752 | D:2      | Reached skill level 1 in Short Blades
  1752 | D:2      | Reached XP level 4. HP: 34/34 MP: 4/4
  2264 | D:3      | Found a runed translucent door.
  2266 | D:3      | Noticed Crazy Yiuf
  2278 | D:3      | Killed Crazy Yiuf
  2584 | D:3      | Reached skill level 1 in Stealth
  2584 | D:3      | Gained mutation: You are partially covered in molten
                  | scales. (AC +2) [demonic ancestry]
  2584 | D:3      | Reached XP level 5. HP: 37/39 MP: 5/5
  3400 | D:4      | Noticed a yak
  3400 | D:4      | Noticed a yak
  3407 | D:4      | Noticed a yak
  3420 | D:4      | Noticed a yak
  3426 | D:3      | Killed a yak
  3427 | D:3      | Reached skill level 1 in Staves
  3427 | D:3      | Gained mutation: You sometimes gain power by taking damage.
                  | [demonic ancestry]
  3427 | D:3      | Reached XP level 6. HP: 24/46 MP: 6/6
  4051 | D:4      | Reached skill level 4 in Axes
  4053 | D:4      | Found a shadowy altar of Dithmenos.
  4059 | D:4      | Reached skill level 1 in Shields
  4060 | D:4      | Reached XP level 7. HP: 45/52 MP: 7/7
  4062 | D:4      | Identified the +9 whip of Weggul {vorpal, Will+}
  4064 | D:4      | Gained mutation: You have hidden genetic defects. [potion
                  | of mutation]
  4064 | D:4      | Gained mutation: You are strong-willed. (Will+) [potion of
                  | mutation]
  4064 | D:4      | Gained mutation: Your flesh is heat resistant. (rF+)
                  | [potion of mutation]
  4152 | D:4      | Became a worshipper of Dithmenos the Shadowed
  4241 | D:3      | Killed a yak
  4246 | D:3      | Gained mutation: Armour fits poorly on your strangely
                  | shaped body. [hidden defects]
  4292 | D:4      | Found a hazy altar of Hepliaklqana.
  4292 | D:4      | Noticed Blork the orc
  4294 | D:4      | Found a faded altar of an unknown god.
  4299 | D:4      | Killed Blork the orc
  4360 | D:4      | Slain by a yak

Illustrated notes

Levels and vault maps discovered:
D:1:      amcnicky_arrival_gap_in_the_tavern_cellar, layout_basic
D:2:      layout_loops_cross, basic_altar, minmay_misc_feat_rugged,
          kennysheep_minor_cross
D:3:      layout_basic, uniq_crazy_yiuf_cottage
D:4:      layout_gridville, nicolae_dithmenos_through_a_glass_darkly,
          beargit_hepliaklqana_dungeon_heroes, minmay_misc_feat_secret_circle

Skill      XL: |  1  2  3  4  5  6 |
---------------+-------------------+-----
Axes           | 3 4 |  4.6
Armour         | 1 2 |  2.9
Dodging        | 3 |  3.5
Short Blades   | 1 |  1.7
Stealth        | 1 |  1.9
Staves         | 1 |  1.7
Fighting       | 3 |  3.5
Shields        | 1 |  1.7
Maces & Flails | |  0.6
Ranged Weapons | |  0.8
Throwing       | |  1.8

Action                   |  1- 3 |  4- 6 |  7- 9 || total
-------------------------+-------+-------+-------++-------
Melee: War axe           |    23 |    47 |       ||    70
       Dagger            |    71 |    37 |       ||   108
       Quarterstaff      |       |    29 |       ||    29
       Whip              |       |       |    17 ||    17
 Fire: Sling             |       |    12 |       ||    12
Throw: Throwing net      |       |       |     2 ||     2
  Use: Scroll            |       |     7 |     1 ||     8
       Potion            |       |     1 |     1 ||     2
 Stab: Sleeping          |     2 |     5 |       ||     7
Armor: Chain mail        |    50 |       |       ||    50
       Leather armour    |     1 |       |       ||     1
       Ring mail         |     3 |    60 |     1 ||    64
Dodge: Dodged            |    46 |    49 |     3 ||    98
Block: Tower shield      |       |    37 |    20 ||    57
